 Dungeon Crawl Stone Soup version 0.32-a0-921-g04a7ad8 (webtiles) character file.

Game seed: 13270367374183429571

3 Hermes the Ruffian (level 1, -5/13 HPs)
             Began as an Octopode Shapeshifter on Apr 11, 2024.
             Slain by a gnoll
             ... wielding a +0 whip
              (7 damage)
             ... on level 1 of the Dungeon.
             The game lasted 00:00:19 (72 turns).

Hermes the Ruffian (Octopode Shapeshifter)            Turns: 72, Time: 00:00:20

Health: -5/13      AC:  1    Str: 13    XL:     1   Next: 50%
Magic:  1/1        EV: 12    Int: 12    God:
Gold:   0          SH:  0    Dex: 11    Spells: 0/0 levels left

rFire   . .          .
                       - Unarmed
rCold   . . .        (no shield)
rNeg    . . .        (helmet currently unavailable)
rPois   .            (no amulet)
rElec   .            (no ring)
rCorr   .            (no ring)
SInv    .            (no ring)
Will    .....        (no ring)
Stlth   ++           (no ring)
HPRegen 0.22/turn    (no ring)
MPRegen 0.07/turn    (no ring)
                     (no ring)

%: no passive effects
@: beast-form
A: beast (slay +1), almost no armour, amphibious, 8 rings, camouflage 1,
gelatinous body 1, (nimble swimmer 1), tentacles
a: Begin Untransformation


You were on level 1 of the Dungeon.
You were a hulking beast.
You visited 1 branch of the dungeon, and saw 1 of its levels.

Inventory:

Talismans
 b - a beast talisman (active)
 c - a flux talisman
Scrolls
 d - a scroll of noise {unknown}
Potions
 a - a potion of lignification


   Skills:
 + Level 1.1 Fighting
 + Level 2.0 Dodging
 * Level 3.1 Unarmed Combat
 + Level 3.0 Shapeshifting


You couldn't memorise any spells.
You didn't know any spells.
Your spell library was empty.

Dungeon Overview and Level Annotations

Branches:
Dungeon (1/15)

Altars:


Innate Abilities, Weirdness & Mutations

You are a hulking beast.
Your limbs bulge with bestial killing power. (Slay +1)
You cannot wear most types of armour.
You are amphibious.
You can wear up to eight rings at the same time.
Your skin changes colour to match your surroundings (Stealth+).
Your rubbery body absorbs attacks. (AC +1, EV +1)
((You are camouflaged when in or above water. (Stealth+)))
You have tentacles for arms and can constrict up to eight enemies at once.


Message History

No target in view!
You see here a ball python corpse.
An endoplasm comes into view.
The endoplasm quivers.
The endoplasm freezes you.
You are frozen.
You tentacle-slap the endoplasm. You squeeze the endoplasm.
You kill the endoplasm!
No target in view!
No target in view!
HP restored.
d - a scroll labelled JOG PUOWUMIUR You open the door.
There is an open door here.
A bat comes into view.
Found 6 stones.
A bat is nearby!
The bat barely misses you.
A gnoll comes into view. It is wielding a +0 whip.
Found a stone staircase leading down.
The bat hits you but does no damage. The bat hits you.
You completely miss the bat. Your grab misses the bat. You squeeze the bat.
You kill the bat!
Found an escape hatch in the floor.
You tentacle-slap the gnoll. Your grab misses the gnoll.
The gnoll is heavily wounded.
The gnoll hits you with a +0 whip.
You tentacle-slap the gnoll. Your grab misses the gnoll.
You squeeze the gnoll, but do no damage.
The gnoll is heavily wounded.
The gnoll hits you with a +0 whip!
Ouch! That really hurt!
* * * LOW HITPOINT WARNING * * *
Unknown command.
You completely miss the gnoll. Your grab misses the gnoll.
You squeeze the gnoll!
The gnoll is almost dead.
The gnoll hits you with a +0 whip!
Ouch! That really hurt!
You die...

##### #...
#######.#######
#........(.....
###.#.#.######
##..#.#.####
#..##.#....#####..
#h###......'...... #.g.#
####...#######
#>......##...#
#.............#
..........#.##.#
...........#.##.##
..................#
....>.#..####.....######
#........#....


You could see a gnoll.

Vanquished Creatures
  A ball python (D:1)
  An endoplasm (D:1)
  A bat (D:1)
3 creatures vanquished.

Notes
Turn   | Place    | Note
-------+----------+-------------------------------------------
     0 | D:1      | Hermes the Octopode Shapeshifter began the quest for the
                  | Orb.
     0 | D:1      | Reached XP level 1. HP: 13/13 MP: 1/1
    72 | D:1      | Slain by a gnoll

Illustrated notes

Levels and vault maps discovered:
D:1:      spicycebolla_arrival_clurvy, layout_basic

Action                     || total
---------------------------++-------
  Melee: Unarmed           ||     6
         Tentacles         ||     4
   Stab: Sleeping          ||     1
 Armour: Skin              ||     5
  Dodge: Dodged            ||     1

Table legend: (Time is in decaauts)
 A = Elapsed time spent in this place.
 B = Non-inter-level travel time spent in this place.
 C = Inter-level travel time spent in this place.
 D = Time resting spent in this place.
 E = Time spent auto-exploring this place.
 F = Levels seen in this place.
 G = Mean time per level.
                   A        B        C        D        E       F      G
               +--------+--------+--------+--------+--------+-----+--------+
         Total |     71 |     71 |      0 |      0 |     42 |   1 |   71.0 |
       Dungeon |     71 |     71 |      0 |      0 |     42 |   1 |   71.0 |
               +--------+--------+--------+--------+--------+-----+--------+

Top non-repeatable levels by time:
     D:1: 71 daAuts
